 Dungeon Crawl Stone Soup version 0.27.1-2-g3b301248ec (webtiles) character file.

Game seed: 865996170971392092

123 pkoi the Slasher (level 4, -3/37 HPs)
             Began as a Minotaur Gladiator on Sept 24, 2021.
             Killed from afar by an orc wizard (7 damage)
             ... with a magic dart
             ... on level 2 of the Dungeon.
             The game lasted 00:04:05 (2771 turns).

pkoi the Slasher (Minotaur Gladiator)               Turns: 2771, Time: 00:04:05

Health: -3/37      AC:  3    Str: 20    XL:     4   Next: 80%
Magic:  3/3        EV: 12    Int:  5    God:
Gold:   24         SH:  0    Dex: 11    Spells: 3/3 levels left

rFire    . . .     SeeInvis .   a - +0 long sword
rCold    . . .     Faith    .   (no shield)
rNeg     . . .     Spirit   .   b - +0 leather armour
rPois    .         Reflect  .   c - +0 hat
rElec    .         Harm     .   (no cloak)
rCorr    .         Rampage  .   (no gloves)
Will     .....                  (no boots)
Stlth    +.........             (no amulet)
HPRegen  0.12/turn              (no ring)
MPRegen  0.08/turn              (no ring)

@: confused
A: horns 2, retaliatory headbutt
a: no special abilities


You were on level 2 of the Dungeon.
You visited 1 branch of the dungeon, and saw 3 of its levels.

You collected 24 gold pieces.

Inventory:

Hand Weapons
 a - a +0 long sword (weapon)
Missiles
 d - 4 throwing nets (quivered)
 k - 8 javelins
Armour
 b - a +0 leather armour (worn)
 c - a +0 hat (worn)
 f - a +0 kite shield
Scrolls
 e - 3 scrolls of amnesia {unknown}
 i - a scroll of enchant armour {unknown}
 j - a scroll of blinking {unknown}
Potions
 g - 2 potions of ambrosia {unknown}
 h - a potion of brilliance {unknown}


   Skills:
 - Level 2.4 Fighting
 + Level 6.7 Long Blades
 - Level 2.0 Throwing
 - Level 3.2 Dodging


You had 3 spell levels left.
You didn't know any spells.
Your spell library contained the following spells:

 Spells                   Type           Power      Damage    Failure   Level
 Beastly Appendage        Tmut           0%         N/A       54%         1


Dungeon Overview and Level Annotations

Branches:
Dungeon (3/15)

Altars:


Innate Abilities, Weirdness & Mutations

You have a pair of horns on your head.
You reflexively headbutt those who attack you in melee.


Message History

You are confused.
The orc wizard barely misses you. The orc wizard casts a spell at you.
You are more confused.
You bump into the rock wall.
The orc wizard casts a spell at you. The magic dart hits you.
You bump into the rock wall.
You bump into the rock wall.
The orc wizard hits you with a +0 dagger.
You closely miss the orc wizard.
The orc wizard is severely wounded.
The orc wizard gestures at you while chanting.
You resist with some effort.
You miss the orc wizard. Your headbutt misses the orc wizard.
The orc wizard is severely wounded.
The orc wizard mumbles some strange words.
The orc wizard flickers and vanishes!
Deactivating autopickup; reactivate with Ctrl-A.
You completely miss something. Your headbutt misses something.
You hear some strange, mumbled words.
A puff of flame appears from out of thin air!
The puff of flame hits you!
* * * LOW HITPOINT WARNING * * *
You're too confused to move!
Something hits you but does no damage.
You bump into the rock wall.
You hear some strange, mumbled words.
A puff of flame appears from out of thin air!
The puff of flame hits you!
* * * LOW HITPOINT WARNING * * *
You bump into the rock wall.
You hear some strange, mumbled words.
A magic dart appears from out of thin air!
The magic dart hits you.
* * * LOW HITPOINT WARNING * * *
You barely miss something.
You hear some strange, mumbled words.
A magic dart appears from out of thin air!
The magic dart hits you!
You die...

######## #......# #......#
################......#####
#..........@............†.##
#.##########{...........†.'.
#####<)..........#.#..........##
##....).............#..........#
#............#......#..........#
#.#.#.#......#.##...#......#####
#............'...........###
#.#.#.#......#.#...####### #####
#..............#...## ####....


There were no monsters in sight!

Vanquished Creatures
  4 gnolls (D:2)
  An adder (D:2)
  3 worms (D:2)
  2 dart slugs
  4 orcs
  3 endoplasms
  5 giant cockroaches
  A goblin (D:1)
  6 hobgoblins
  3 jackals (D:2)
  6 kobolds
  2 quokkas
  3 ball pythons
  6 bats
  5 frilled lizards
  4 rats (D:1)
58 creatures vanquished.

Notes
Turn   | Place    | Note
-------+----------+-------------------------------------------
     0 | D:1      | pkoi the Minotaur Gladiator began the quest for the Orb.
     0 | D:1      | Reached XP level 1. HP: 18/18 MP: 0/0
    43 | D:1      | Reached skill level 4 in Long Blades
   176 | D:1      | Reached XP level 2. HP: 25/25 MP: 1/1
   360 | D:1      | Found a faded altar of an unknown god.
   369 | D:1      | Got Plato's Almanac of Shape Shifting
   558 | D:1      | Reached skill level 5 in Long Blades
   868 | D:1      | Reached XP level 3. HP: 30/30 MP: 2/2
  1945 | D:3      | Reached skill level 6 in Long Blades
  1945 | D:3      | Reached XP level 4. HP: 37/37 MP: 3/3
  2771 | D:2      | Killed from afar by an orc wizard

Illustrated notes

Levels and vault maps discovered:
D:1:      onia_arrival_mini_spirals, layout_loops_ring,
          shapermc_ecumenical_altar_rom_forum
D:2:      layout_basic, serial_glass, glass_columns_a, glass_columns_b
D:3:      layout_basic, minmay_liquid_box, kennysheep_minor_cross

Skill      XL: |  1  2  3 |
---------------+----------+-----
Long Blades    | 4 5 6 |  6.7
Fighting       | |  2.4
Throwing       | |  2.0
Dodging        | |  3.2

Action                   |  1- 3 |  4- 6 || total
-------------------------+-------+-------++-------
Melee: Long sword        |    87 |    35 ||   122
       Headbutt          |    19 |     9 ||    28
Throw: Throwing net      |     2 |       ||     2
Armor: Leather armour    |    29 |    12 ||    41
Dodge: Dodged            |    66 |    21 ||    87
       Rpst.: Long sword |    22 |     7 ||    29
